 Dungeon Crawl Stone Soup version 0.30-a0-643-g638baaf3f0 (webtiles) character file.

Game seed: 5796827403510702450

103 vineage the Covered (level 4, -4/29 HPs)
             Began as a Gargoyle Fighter on Jan 16, 2023.
             Killed by divine providence
             ... invoked by an orc priest
              (14 damage)
             ... on level 3 of the Dungeon.
             The game lasted 00:01:57 (1947 turns).

vineage the Covered (Gargoyle Fighter)              Turns: 1947, Time: 00:01:57

Health: -4/29      AC: 10    Str: 22    XL:     4   Next: 79%
Magic:  4/4        EV:  9    Int:  8    God:
Gold:   91         SH:  4    Dex:  9    Spells: 3/3 levels left

rFire   . . .      SeeInvis .    a - +1 flail
rCold   . . .      Faith    .    c - +0 buckler
rNeg    + . .      Spirit   .    b - +0 scale mail
rPois   ∞          Reflect  .    (no helmet)
rElec   +          Harm     .    (no cloak)
rCorr   .          Rampage  .    (no gloves)
Will    .....                    (no boots) Stlth
                                 o - amulet of the acrobat
HPRegen 0.24/turn                (no ring)
MPRegen 0.09/turn                (no ring)

@: mighty
A: sickness immunity, AC +3, negative energy resistance 1, electricity
resistance, torment resistance 1, petrification resistance
a: no special abilities


You were on level 3 of the Dungeon.
You visited 1 branch of the dungeon, and saw 3 of its levels.

You collected 91 gold pieces.

Inventory:

Hand Weapons
 a - a +1 flail (weapon)
Armour
 b - a +0 scale mail (worn)
 c - a +0 buckler (worn)
Jewellery
 o - an amulet of the acrobat (around neck)
Scrolls
 g - a scroll of identify
 h - 2 scrolls of teleportation
 k - a scroll of fear {unknown}
Potions
 d - a potion of might
 e - a potion of resistance {unknown}
 f - a potion of haste {unknown}
 i - 2 potions of brilliance
 l - 2 potions of attraction {unknown}
 m - a potion of cancellation {unknown}
 q - a potion of curing {unknown}


   Skills:
 + Level 3.9 Fighting
 * Level 3.4 Maces & Flails
 + Level 3.9 Armour
 + Level 3.9 Shields


You had 3 spell levels left.
You didn't know any spells.
Your spell library was empty.

Dungeon Overview and Level Annotations

Branches:
Dungeon (3/15)

Altars:
Sif Muna


Innate Abilities, Weirdness & Mutations

You are immune to sickness and miasma.
Your stone body is resilient. (AC +3)
You are immune to poison.
You resist negative energy. (rN+)
You are resistant to electric shocks. (rElec)
You are resistant to unholy torment.
You are immune to petrification.


Message History

You sock the orc!
You kill the orc!
The orc hits you but does no damage. You block the hobgoblin's attack.
The hobgoblin hits you but does no damage.
You sock the orc priest!
The orc priest is severely wounded.
You block the orc's attack. The hobgoblin hits you.
The orc hits you but does no damage.
The orc priest hits you but does no damage.
The hobgoblin hits you but does no damage.
The hobgoblin closely misses you.
You hit the orc priest.
The orc priest is almost dead.
The orc closely misses you.
The hobgoblin hits you but does no damage.
The hobgoblin hits you. You block the hobgoblin's attack.
The orc barely misses you.
The orc priest hits you with a +0 hand axe.
The orc hits you with a +0 club.
The orc priest hits you with a +0 hand axe.
The hobgoblin barely misses you. The orc barely misses you.
The hobgoblin hits you but does no damage.
The hobgoblin barely misses you.
You are too injured to fight recklessly!
You are too injured to fight recklessly!
You are too injured to fight recklessly!
You are too injured to fight recklessly!
You are too injured to fight recklessly!
You are too injured to fight recklessly!
The hobgoblin attacks as you move away! You block the hobgoblin's attack.
The orc closely misses you. You block the orc's attack.
The orc attacks as you move away! The orc completely misses you.
The orc attacks as you move away! The orc closely misses you.
There is a stone staircase leading down here.
The orc attacks as you move away! You block the orc's attack.
You feel very mighty all of a sudden. The orc closely misses you.
The orc priest invokes the aid of Beogh against you.
Beogh smites you!
You die...

#. #.### .## #...# ..
###.# #. #.# ######.##
#.##
........#########..#
.....$o..........#.#
######)gg####..#.#.#
#####.
###ogo@...#.#.####.....
######......÷<.......
##.###.^....####
#..#...###.# . #...[#.#
#.###. #......###.##..
[..####...#....# .#
#........# #....###..


You could see an orc priest, 2 orcs and 3 hobgoblins.

Vanquished Creatures
  2 adders
  5 dart slugs
  5 orcs (D:3)
  4 ball pythons
  4 bats
  7 endoplasms
  4 giant cockroaches
  9 goblins
  5 hobgoblins
  4 jackals (D:2)
  4 kobolds
  A quokka (D:2)
  3 frilled lizards
  4 rats (D:1)
61 creatures vanquished.

Notes
Turn   | Place    | Note
-------+----------+-------------------------------------------
     0 | D:1      | vineage the Gargoyle Fighter began the quest for the Orb.
     0 | D:1      | Reached XP level 1. HP: 14/14 MP: 1/1
   120 | D:1      | Reached XP level 2. HP: 19/19 MP: 2/2
   429 | D:1      | Reached XP level 3. HP: 23/23 MP: 3/3
  1501 | D:2      | Reached XP level 4. HP: 29/29 MP: 4/4
  1892 | D:3      | Found a shimmering blue altar of Sif Muna.
  1947 | D:3      | Killed from afar by an orc priest

Illustrated notes

Levels and vault maps discovered:
D:1:      spicycebolla_arrival_xxxplode, layout_loops_corners,
          minmay_misc_feat_four_crosses, feat_on_display
D:2:      layout_loops_cross
D:3:      cheibrodos_old_hovel, layout_rooms, nicolae_sif_muna_little_library

Skill      XL: |  1  2  3 |
---------------+----------+-----
Maces & Flails | 3 |  3.4
Fighting       | |  3.9
Armour         | |  3.9
Shields        | |  3.9

Action                   |  1- 3 |  4- 6 || total
-------------------------+-------+-------++-------
Melee: Flail             |   125 |    95 ||   220
  Use: Scroll            |       |     6 ||     6
       Potion            |       |     1 ||     1
Armor: Scale mail        |    63 |    62 ||   125
Dodge: Dodged            |    60 |    61 ||   121
Block: Buckler           |    23 |    26 ||    49

Table legend: (Time is in decaauts)
 A = Elapsed time spent in this place.
 B = Non-inter-level travel time spent in this place.
 C = Inter-level travel time spent in this place.
 D = Time resting spent in this place.
 E = Time spent auto-exploring this place.
 F = Levels seen in this place.
 G = Mean time per level.
                   A        B        C        D        E       F      G
               +--------+--------+--------+--------+--------+-----+--------+
         Total |   2013 |   1963 |     50 |      0 |   1478 |   3 |  671.0 |
       Dungeon |   2013 |   1963 |     50 |      0 |   1478 |   3 |  671.0 |
               +--------+--------+--------+--------+--------+-----+--------+

Top non-repeatable levels by time:
     D:1: 1029 daAuts
     D:2: 747 daAuts
     D:3: 236 daAuts
